TOP OF THE 1ST |
Louisville Bats batting - Pitching for Albuquerque Isotopes : RHP Josh Kenyon
|
Pitching: RHP Josh Kenyon
|
|
Batting: SHB Paul Sandoval
|
0-0: Ball 1-0: Foul Ball, location: 2F 1-1: Ball 2-1: Bunt missed! 2-2: Ball 3-2: SINGLE (Groundball, 34D, EV 97.5 MPH)
|
Batting: RHB Won-jun Park
|
0-0: Called Strike 0-1: Called Strike 0-2: Ball 1-2: Foul Ball, location: 2F 1-2: Strikes out looking
|
Batting: RHB Fred Slade
|
0-0: Foul Ball, location: 2F 0-1: Called Strike 0-2: Strikes out looking
|
Batting: RHB Mike Alm
|
0-0: Ball 1-0: Ball 2-0: Foul Ball, location: 2F 2-1: Called Strike 2-2: Foul Ball, location: 2F 2-2: Strikes out swinging
|
Top of the 1st over - 0 runs, 1 hit, 0 errors, 1 left on base; Louisville 0 - Albuquerque 0 |
BOTTOM OF THE 1ST |
Albuquerque Isotopes batting - Pitching for Louisville Bats : RHP Angel Cerros
|
Pitching: RHP Angel Cerros
|
|
Batting: LHB Alfredo de la Cruz
|
0-0: Ball 1-0: Ground out 1-3 (Groundball, 13S, EV 66.2 MPH)
|
Batting: LHB Chad Persaud
|
0-0: Called Strike 0-1: DOUBLE (Line Drive, 9LD, EV 105.0 MPH)
|
Batting: LHB Adam Hill
|
0-0: Foul Ball, location: 2F 0-1: Ball 1-1: Ground out 5-3 (Groundball, 56, EV 83.1 MPH)
|
Batting: SHB Jamel Wright
|
0-0: Swinging Strike 0-1: Called Strike 0-2: Foul Ball, location: 2F 0-2: Foul Ball, location: 2F 0-2: Foul Ball, location: 2F 0-2: Strikes out looking
|
Bottom of the 1st over - 0 runs, 1 hit, 0 errors, 1 left on base; Louisville 0 - Albuquerque 0 |
TOP OF THE 2ND |
Louisville Bats batting - Pitching for Albuquerque Isotopes : RHP Josh Kenyon
|
Batting: SHB Freddie Farrar
|
0-0: SINGLE (Groundball, 25, EV 63.8 MPH) (infield hit)
|
Batting: RHB Pedro Pinero
|
0-0: Called Strike 0-1: Called Strike 0-2: Foul Ball, location: 2F 0-2: Foul Ball, location: 2F 0-2: Ball 1-2: SINGLE (Flyball, 9LS, EV 91.2 MPH) Freddie Farrar to second
|
Batting: LHB Satoru Handa
|
0-0: Ball 1-0: Foul Ball, location: 2F 1-1: Called Strike 1-2: Strikes out swinging
|
Batting: RHB Danny Real
|
0-0: Swinging Strike 0-1: Swinging Strike 0-2: Ball 1-2: Ball 2-2: Ball 3-2: Foul Ball, location: 2F 3-2: Foul Ball, location: 2F 3-2: Base on Balls Freddie Farrar to third Pedro Pinero to second
|
Batting: RHB Eric Sullivan
|
0-0: Ball 1-0: Foul Ball, location: 2F 1-1: Fly out, F9 (Flyball, 89M, EV 89.4 MPH)
|
Batting: SHB Paul Sandoval
|
0-0: SINGLE (Groundball, 6M, EV 87.5 MPH) (infield hit) Freddie Farrar scores Pedro Pinero to third Danny Real to second
|
Batting: RHB Won-jun Park
|
0-0: Foul Ball, location: 2F 0-1: Swinging Strike 0-2: Fielders Choice at 2nd, 5-4 (Groundball, 5, EV 80.0 MPH)
|
Top of the 2nd over - 1 run, 3 hits, 0 errors, 3 left on base; Louisville 1 - Albuquerque 0 |
BOTTOM OF THE 2ND |
Albuquerque Isotopes batting - Pitching for Louisville Bats : RHP Angel Cerros
|
Batting: LHB Gabe Harvey
|
0-0: Ball 1-0: Foul Ball, location: 2F 1-1: Swinging Strike 1-2: Foul Ball, location: 2F 1-2: Strikes out looking
|
Batting: RHB Eddie McCoy
|
0-0: Ball 1-0: Fly out, F9 (Flyball, 89S, EV 81.9 MPH)
|
Batting: RHB Mike Ball
|
0-0: Called Strike 0-1: Ground out 6-3 (Groundball, 6, EV 104.4 MPH)
|
Bottom of the 2nd over - 0 runs, 0 hits, 0 errors, 0 left on base; Louisville 1 - Albuquerque 0 |
TOP OF THE 3RD |
Louisville Bats batting - Pitching for Albuquerque Isotopes : RHP Josh Kenyon
|
Batting: RHB Fred Slade
|
0-0: Called Strike 0-1: Foul Ball, location: 2F 0-2: Ball 1-2: SINGLE (Groundball, 34D, EV 104.4 MPH)
|
Batting: RHB Mike Alm
|
0-0: Called Strike 0-1: Ball 1-1: Foul Ball, location: 2F 1-2: Foul Ball, location: 2F 1-2: Fielders Choice at 2nd, 5-4 (Groundball, 56, EV 78.1 MPH)
|
Batting: SHB Freddie Farrar
|
0-0: Called Strike 0-1: Called Strike Mike Alm is caught stealing 2nd base 2-6 0-2: Foul Ball, location: 2F 0-2: Ball 1-2: Ball 2-2: Fly out, F8 (Flyball, 8RM, EV 91.2 MPH)
|
Top of the 3rd over - 0 runs, 1 hit, 0 errors, 0 left on base; Louisville 1 - Albuquerque 0 |
BOTTOM OF THE 3RD |
Albuquerque Isotopes batting - Pitching for Louisville Bats : RHP Angel Cerros
|
Batting: SHB Mitchell Greene
|
0-0: Called Strike 0-1: Ball 1-1: SINGLE (Groundball, 34D, EV 101.2 MPH)
|
Batting: RHB Bobby Heagle
|
0-0: Grounds into double play, 4-6-3 (Groundball, 4, EV 85.6 MPH)
|
Batting: LHB Alfredo de la Cruz
|
0-0: Ball 1-0: Ground out 4-3 (Groundball, 4, EV 80.0 MPH)
|
Bottom of the 3rd over - 0 runs, 1 hit, 0 errors, 0 left on base; Louisville 1 - Albuquerque 0 |
TOP OF THE 4TH |
Louisville Bats batting - Pitching for Albuquerque Isotopes : RHP Josh Kenyon
|
Batting: RHB Pedro Pinero
|
0-0: Called Strike 0-1: Foul Ball, location: 2F 0-2: DOUBLE (Groundball, 5L, EV 93.8 MPH)
|
Batting: LHB Satoru Handa
|
0-0: Ball 1-0: Ball 2-0: Fly out, F5 (Popup, 5SF, EV 86.2 MPH)
|
Batting: RHB Danny Real
|
0-0: Ball 1-0: Called Strike 1-1: Swinging Strike 1-2: Ball 2-2: Foul Ball, location: 2F 2-2: Ball 3-2: Fly out, F9 (Flyball, 89S, EV 93.1 MPH)
|
Batting: RHB Eric Sullivan
|
0-0: Called Strike 0-1: Fly out, F8 (Flyball, 8LD, EV 91.2 MPH)
|
Top of the 4th over - 0 runs, 1 hit, 0 errors, 1 left on base; Louisville 1 - Albuquerque 0 |
BOTTOM OF THE 4TH |
Albuquerque Isotopes batting - Pitching for Louisville Bats : RHP Angel Cerros
|
Batting: LHB Chad Persaud
|
0-0: Ball 1-0: Called Strike 1-1: Ground out 4-3 (Groundball, 4, EV 83.8 MPH)
|
Batting: LHB Adam Hill
|
0-0: Called Strike 0-1: Foul Ball, location: 2F 0-2: Strikes out swinging
|
Batting: SHB Jamel Wright
|
0-0: Called Strike 0-1: Called Strike 0-2: Strikes out looking
|
Bottom of the 4th over - 0 runs, 0 hits, 0 errors, 0 left on base; Louisville 1 - Albuquerque 0 |
TOP OF THE 5TH |
Louisville Bats batting - Pitching for Albuquerque Isotopes : RHP Josh Kenyon
|
Batting: SHB Paul Sandoval
|
0-0: Ball 1-0: Fly out, F9 (Flyball, 9LS, EV 77.5 MPH)
|
Batting: RHB Won-jun Park
|
0-0: Called Strike 0-1: Ball 1-1: Ball 2-1: SINGLE (Flyball, 34D, EV 85.6 MPH)
|
Batting: RHB Fred Slade
|
0-0: Ball 1-0: Grounds into double play, 4-6-3 (Groundball, 4, EV 108.1 MPH)
|
Top of the 5th over - 0 runs, 1 hit, 0 errors, 0 left on base; Louisville 1 - Albuquerque 0 |
BOTTOM OF THE 5TH |
Albuquerque Isotopes batting - Pitching for Louisville Bats : RHP Angel Cerros
|
Batting: LHB Gabe Harvey
|
0-0: Ball 1-0: Called Strike 1-1: Ball 2-1: SINGLE (Groundball, 34D, EV 106.9 MPH)
|
Batting: RHB Eddie McCoy
|
0-0: Fielders Choice at 2nd, 6-4 (Groundball, 6, EV 88.1 MPH)
|
Batting: RHB Mike Ball
|
0-0: Ball 1-0: Called Strike 1-1: Ball 2-1: SINGLE (Line Drive, 9S, EV 108.8 MPH) Eddie McCoy to second
|
Batting: SHB Mitchell Greene
|
0-0: Foul Ball, location: 2F 0-1: Grounds into double play, 6-4-3 (Groundball, 6, EV 88.8 MPH)
|
Bottom of the 5th over - 0 runs, 2 hits, 0 errors, 1 left on base; Louisville 1 - Albuquerque 0 |
TOP OF THE 6TH |
Louisville Bats batting - Pitching for Albuquerque Isotopes : RHP Josh Kenyon
|
Batting: RHB Mike Alm
|
0-0: Fly out, F8 (Flyball, 8LXD, EV 105.0 MPH)
|
Batting: SHB Freddie Farrar
|
0-0: Ball 1-0: Called Strike 1-1: Swinging Strike 1-2: Strikes out swinging, 2-3 out at first.
|
Batting: RHB Pedro Pinero
|
0-0: Ball 1-0: Swinging Strike 1-1: Swinging Strike 1-2: SINGLE (Line Drive, 3D, EV 99.4 MPH)
|
Pitching: RHP Chris Ishii
|
|
Batting: LHB Satoru Handa
|
0-0: Called Strike 0-1: Swinging Strike 0-2: Ball 1-2: Ball 2-2: Foul Ball, location: 2F Pickoff Throw to First - Out! 1-3
|
Top of the 6th over - 0 runs, 1 hit, 0 errors, 0 left on base; Louisville 1 - Albuquerque 0 |
BOTTOM OF THE 6TH |
Albuquerque Isotopes batting - Pitching for Louisville Bats : RHP Angel Cerros
|
Batting: RHB Bobby Heagle
|
0-0: Ball 1-0: DOUBLE (Groundball, 5L, EV 103.1 MPH)
|
Batting: LHB Alfredo de la Cruz
|
0-0: Fly out, F7 (Flyball, 78S, EV 92.5 MPH)
|
Batting: LHB Chad Persaud
|
0-0: Ball 1-0: Ball 2-0: Ball 3-0: Base on Balls
|
Batting: LHB Adam Hill
|
0-0: Ball 1-0: Ball 2-0: Ball 3-0: Called Strike 3-1: Grounds into double play, 4-6-3 (Groundball, 4S, EV 80.0 MPH)
|
Bottom of the 6th over - 0 runs, 1 hit, 0 errors, 1 left on base; Louisville 1 - Albuquerque 0 |
TOP OF THE 7TH |
Louisville Bats batting - Pitching for Albuquerque Isotopes : RHP Chris Ishii
|
Batting: LHB Satoru Handa
|
0-0: Ball 1-0: Ball 2-0: Called Strike 2-1: Called Strike 2-2: Foul Ball, location: 2F 2-2: Foul Ball, location: 2F 2-2: Strikes out swinging
|
Batting: RHB Danny Real
|
0-0: Fly out, F7 (Line Drive, 7, EV 97.5 MPH)
|
Batting: RHB Eric Sullivan
|
0-0: Called Strike 0-1: Ball 1-1: DOUBLE (Line Drive, 9LS, EV 94.4 MPH)
|
Batting: SHB Paul Sandoval
|
0-0: Called Strike 0-1: Ball 1-1: Fly out, F9 (Flyball, 9, EV 90.0 MPH)
|
Top of the 7th over - 0 runs, 1 hit, 0 errors, 1 left on base; Louisville 1 - Albuquerque 0 |
BOTTOM OF THE 7TH |
Albuquerque Isotopes batting - Pitching for Louisville Bats : RHP Angel Cerros
|
Batting: SHB Jamel Wright
|
0-0: Called Strike 0-1: SINGLE (Groundball, 4M, EV 102.5 MPH) (infield hit)
|
Batting: LHB Gabe Harvey
|
0-0: Ball 1-0: Ball 2-0: Ball 3-0: Fielders Choice at 2nd, 3-6 (Groundball, 3, EV 110.6 MPH)
|
Batting: RHB Eddie McCoy
|
0-0: Ball 1-0: Ball 2-0: Ball 3-0: Base on Balls Gabe Harvey to second
|
Batting: RHB Mike Ball
|
0-0: Called Strike 0-1: Fielders Choice at 2nd, 6-4 (Groundball, 6, EV 85.0 MPH) Gabe Harvey to third
|
Batting: SHB Mitchell Greene
|
0-0: Ball 1-0: Ball 2-0: Swinging Strike 2-1: Foul Ball, location: 2F 2-2: Ground out U3 (Groundball, 3L, EV 106.9 MPH)
|
Bottom of the 7th over - 0 runs, 1 hit, 0 errors, 2 left on base; Louisville 1 - Albuquerque 0 |
TOP OF THE 8TH |
Louisville Bats batting - Pitching for Albuquerque Isotopes : RHP Chris Ishii
|
Batting: RHB Won-jun Park
|
0-0: Ball 1-0: Foul Ball, location: 2F 1-1: Ball 2-1: Ball 3-1: Ground out 4-3 (Groundball, 34, EV 86.2 MPH)
|
Batting: RHB Fred Slade
|
0-0: Foul Ball, location: 2F 0-1: Ball 1-1: Ball 2-1: SINGLE (Groundball, 6MD, EV 96.9 MPH)
|
Batting: RHB Mike Alm
|
0-0: Called Strike 0-1: Swinging Strike 0-2: Strikes out swinging
|
Batting: SHB Freddie Farrar
|
0-0: Ball 1-0: Ball 2-0: Ground out 4-3 (Groundball, 34, EV 84.4 MPH)
|
Top of the 8th over - 0 runs, 1 hit, 0 errors, 1 left on base; Louisville 1 - Albuquerque 0 |
BOTTOM OF THE 8TH |
Albuquerque Isotopes batting - Pitching for Louisville Bats : RHP Angel Cerros
|
Batting: RHB Bobby Heagle
|
0-0: Called Strike 0-1: Ball 1-1: Ball 2-1: Fly out, F9 (Line Drive, 9S, EV 88.1 MPH)
|
Batting: LHB Alfredo de la Cruz
|
0-0: Foul Ball, location: 2F 0-1: Ball 1-1: SINGLE (Line Drive, 78S, EV 103.1 MPH)
|
Batting: LHB Chad Persaud
|
0-0: Foul Ball, location: 2F 0-1: Grounds into double play, 4-6-3 (Groundball, 4, EV 83.1 MPH)
|
Bottom of the 8th over - 0 runs, 1 hit, 0 errors, 0 left on base; Louisville 1 - Albuquerque 0 |
TOP OF THE 9TH |
Louisville Bats batting - Pitching for Albuquerque Isotopes : RHP Chris Ishii
|
Pitching: RHP Paulo Guincho
|
|
Batting: RHB Pedro Pinero
|
0-0: Ball 1-0: Ball 2-0: Ball 3-0: Base on Balls
|
Batting: LHB Satoru Handa
|
0-0: Ball 1-0: Called Strike 1-1: Called Strike 1-2: Fielders Choice at 2nd, 4-6 (Groundball, 34, EV 84.4 MPH)
|
Batting: RHB Danny Real
|
0-0: Ball 1-0: Ball 2-0: Called Strike 2-1: Foul Ball, location: 2F 2-2: Foul Ball, location: 2F 2-2: Ball 3-2: Fielders Choice at 2nd, 1-6 (Groundball, 23, EV 68.8 MPH)
|
Batting: RHB Eric Sullivan
|
0-0: Ball 1-0: Called Strike 1-1: Ball 2-1: SINGLE (Line Drive, 9S, EV 100.6 MPH) Danny Real to second Runner from 2nd tries for 3rd, SAFE, throw by RF made to third
|
Batting: SHB Paul Sandoval
|
0-0: Ball 1-0: Ball 2-0: Ball 3-0: Base on Balls Eric Sullivan to second
|
Batting: RHB Won-jun Park
|
0-0: Ball 1-0: Called Strike 1-1: Foul Ball, location: 2F 1-2: Strikes out swinging
|
Top of the 9th over - 0 runs, 1 hit, 0 errors, 3 left on base; Louisville 1 - Albuquerque 0 |
BOTTOM OF THE 9TH |
Albuquerque Isotopes batting - Pitching for Louisville Bats : RHP Angel Cerros
|
Pitching: RHP Robbie Delgado
|
|
Batting: LHB Adam Hill
|
0-0: Ball 1-0: Ball 2-0: Called Strike 2-1: Foul Ball, location: 2F 2-2: Strikes out swinging
|
Batting: SHB Jamel Wright
|
0-0: Called Strike 0-1: Foul Ball, location: 2F 0-2: Foul Ball, location: 2F 0-2: Strikes out swinging
|
Batting: LHB Gabe Harvey
|
0-0: Called Strike 0-1: Ball 1-1: Ball 2-1: Ball 3-1: Ground out 4-3 (Groundball, 4, EV 88.8 MPH)
|
Bottom of the 9th over - 0 runs, 0 hits, 0 errors, 0 left on base; Louisville 1 - Albuquerque 0 |
|